 Dungeon Crawl Stone Soup version 0.21-a0-122-g43b3ea6 (webtiles) character file.

1176 KristoblXynda the Chopper (level 8, -2/68 HPs)
             Began as a Deep Dwarf Fighter on July 13, 2017.
             Was an Initiate of Trog.
             Slain by a slave (4 damage)
             ... led by Pikel
             ... on level 6 of the Dungeon.
             The game lasted 00:13:10 (5509 turns).

KristoblXynda the Chopper (Deep Dwarf Fighter)      Turns: 5509, Time: 00:13:11

Health: -2/68      AC:  9    Str: 27    XL:     8   Next: 18%
Magic:  6/6        EV:  6    Int:  9    God:    Trog [......]
Gold:   171        SH: 11    Dex: 12    Spells: 7/7 levels left

rFire    + . .     SeeInvis .   a - +0 war axe
rCold    . . .     Gourm    +   c - +1 shield
rNeg     . . .     Faith    .   x - +0 chain mail
rPois    .         Spirit   .   (no helmet)
rElec    .         Reflect  .   (no cloak)
rCorr    .         Harm     .   (no gloves)
MR       +....                  (no boots)
Stlth    ..........             n - amulet of the gourmand
HPRegen  0.00/turn              k - ring of flight
MPRegen  0.10/turn              w - ring of protection from fire

@: mighty, non-regenerating, drained
A: damage resistance, heal wounds, sense surroundings 1, no regeneration
a: Heal Wounds, Burn Spellbooks, Renounce Religion, Evoke Flight


You were on level 6 of the Dungeon.
You worshipped Trog.
Trog was noncommittal.
You were full.

You visited 2 branches of the dungeon, and saw 7 of its levels.

You collected 171 gold pieces.

Inventory:

Hand Weapons
 a - a +0 war axe (weapon)
Missiles
 m - 2 throwing nets (quivered)
 o - 6 poisoned javelins
Armour
 c - a +1 shield (worn)
 x - a +0 chain mail (worn)
Jewellery
 k - a ring of flight (left hand)
 n - an amulet of the gourmand (around neck)
 w - a ring of protection from fire (right hand)
 y - an uncursed ring of magical power
Scrolls
 b - a scroll of amnesia
 e - a scroll of enchant armour
 h - 2 scrolls of recharging
 i - a scroll of teleportation
 r - a scroll of identify
 v - a scroll of remove curse
Potions
 d - a potion of might
 j - a potion of brilliance
 l - a potion of flight
 p - 2 potions of haste
 s - 2 potions of curing
Comestibles
 f - 3 bread rations
 g - 3 royal jellies
 q - 3 fruits
 t - 3 meat rations


   Skills:
 - Level 2.6(1.7) Fighting
 * Level 7.8(6.7) Axes
 + Level 6.4(5.3) Armour
 + Level 6.2(5.1) Shields


You had 7 spell levels left.
You didn't know any spells.

Dungeon Overview and Level Annotations

Branches:
Dungeon (6/15)             Temple (1/1) D:4

Altars:
Ashenzari
Cheibriados
Elyvilon
Fedhas
Gozag
Kikubaaqudgha
Nemelex Xobeh
Okawaru
Qazlal
Ru
Trog
Vehumet
Wu Jian
Xom
Zin
The Shining One

Shops:
D:5 [

Annotations:
D:6 Pikel


Innate Abilities, Weirdness & Mutations

You are resistant to damage.
You can heal yourself by infusing magical energy.
You passively map a small area around you.
You do not regenerate.


Message History

You slice the slave!!
You kill the slave!
That felt strangely unrewarding.
You closely miss the slave. You block the slave's attack.
You closely miss the slave. The slave hits you.
* * * LOW HITPOINT WARNING * * *
Your chain mail prevents you from hitting the slave.
The slave barely misses you. The slave hits you.
* * * LOW HITPOINT WARNING * * *
You hit the slave.
The slave is lightly wounded.
The slave hits you.
* * * LOW HITPOINT WARNING * * *
You miss the slave.
The slave is lightly wounded.
You block the slave's attack.
You slash the slave!
The slave is heavily wounded.
The slave hits you.
You die...

* * .# * * , ##.# # ,
,...# # , ##.
#..##### .. , * , ...
**#......##.. ## , K.
#.##....... #. ,
#.##.##...# #. ,
#....p@..# , * #.
#........##..# *** #.
,#.##########.#######
#. , #.......#######.
*, * #.#####.....(..#
* #.#####..#####.# *
#.##............ ,* *
#.##.##..#####.# ,
#... #..# #.#


You could see a slave.

Vanquished Creatures
  A phantom (D:4)
  3 slaves (D:6)
  2 ogres
  2 centaurs
  A scorpion (D:5)
  A crimson imp (D:5)
  A centaur zombie (D:5)
  An orc priest (D:3)
  A centaur skeleton (D:4)
  3 hounds
  2 orc wizards (D:5)
  2 worker ants
  Natasha (D:4)
  A hound skeleton (D:4)
  A howler monkey zombie (D:5)
  10 gnolls
  11 adders
  A shadow imp (D:5)
  An adder zombie (D:6)
  An adder skeleton (D:4)
  2 worms (D:3)
  3 dart slugs
  5 leopard geckos
  11 orcs
  9 bats
  5 giant cockroaches
  5 goblins
  4 hobgoblins (D:1)
  5 jackals
  13 kobolds
  6 frilled lizards
  A quokka skeleton (D:4)
  10 rats
126 creatures vanquished.

Notes
Turn   | Place    | Note
-------+----------+-------------------------------------------
     0 | D:1      | KristoblXynda the Deep Dwarf Fighter began the quest for the Orb.
     0 | D:1      | Reached XP level 1. HP: 20/20 MP: 1/1
    83 | D:1      | Reached XP level 2. HP: 24/27 MP: 2/2
   212 | D:1      | Found a glowing golden altar of the Shining One.
   736 | D:1      | Reached skill level 3 in Axes
   840 | D:1      | Reached XP level 3. HP: 16/33 MP: 3/3
  1190 | D:2      | Found a blossoming altar of Fedhas.
  1211 | D:2      | Found a faded altar of an unknown god.
  1550 | D:2      | Found a glowing silver altar of Zin.
  1630 | D:2      | Found a faded altar of an unknown god.
  1630 | D:2      | Found a faded altar of an unknown god.
  1635 | D:2      | Found an ancient bone altar of Kikubaaqudgha.
  1637 | D:2      | Found an ornate altar of the Wu Jian Council.
  1638 | D:2      | Found a radiant altar of Vehumet.
  1712 | D:3      | Reached XP level 4. HP: 16/40 MP: 4/4
  1731 | D:3      | Reached skill level 4 in Axes
  2233 | D:3      | Reached XP level 5. HP: 17/46 MP: 5/5
  2822 | D:4      | Noticed Natasha
  2840 | D:4      | Killed Natasha
  2840 | D:4      | Reached skill level 5 in Axes
  2848 | D:4      | Found a staircase to the Ecumenical Temple.
  2858 | Temple   | Entered the Ecumenical Temple
  3187 | D:4      | Reached XP level 6. HP: 14/55 MP: 6/6
  3480 | D:4      | Reached skill level 5 in Armour
  3961 | D:4      | Reached skill level 6 in Axes
  3961 | D:4      | Reached skill level 5 in Shields
  3961 | D:4      | Reached XP level 7. HP: 18/61 MP: 7/7
  4045 | D:4      | Found a bloodstained altar of Trog.
  4103 | D:5      | Entered Level 5 of the Dungeon
  4408 | D:5      | Reached skill level 7 in Axes
  4721 | D:5      | Found Vaafob's Armour Shop.
  4851 | D:5      | HP: 3/61 [hound (3)]
  4861 | D:5      | HP: 2/61 [centaur zombie (1)]
  4863 | D:5      | Reached XP level 8. HP: 2/68 MP: 7/7
  5236 | Temple   | Became a worshipper of Trog the Wrathful
  5483 | D:6      | Noticed Pikel
  5507 | D:6      | HP: 2/68 [slave[Pikel] (2)]
  5509 | D:6      | Slain by a slave

Vault maps used:
D:1:      dpeg_arrival_leaves_temple_mockup, tso_altar
D:2:      lemuel_crystal_altar, marbit_many_paths,
          chequers_temple_overflow_minitemple,
          chequers_ecumenical_altar_simple_redux
D:3:      first_bread
D:4:      minmay_temple_entry_hall, minmay_door_square, hangedman_decor_push,
          trog_book, uniq_natasha
D:5:      serial_shops, kennysheep_mini
D:6:      yredelemnul_forgotten_temple_becter, uniq_pikel
Temple:   jpeg_temple_alley_garden

Skill      XL: |  1  2  3  4  5  6  7  8 |
---------------+-------------------------+-----
Axes           | 3 4 5 6 7 |  7.8
Armour         | 4 5 6 |  6.4
Shields        | 4 5 6 |  6.2
Fighting       | |  2.6

Action                   |  1- 3 |  4- 6 |  7- 9 || total
-------------------------+-------+-------+-------++-------
Melee: War axe           |   136 |   159 |   254 ||   549
Throw: Javelin           |       |     1 |       ||     1
       Throwing net      |       |     1 |       ||     1
 Abil: Heal Wounds       |       |     2 |     4 ||     6
  Use: Scroll            |       |    11 |     1 ||    12
       Potion            |       |     8 |     3 ||    11
  Eat: Chunk             |    10 |     8 |     6 ||    24
Armor: Scale mail        |    74 |    57 |       ||   131
       Chain mail        |       |    52 |   114 ||   166
Dodge: Dodged            |    33 |    57 |    57 ||   147
Block: Shield            |    81 |   121 |   154 ||   356
